 Dungeon Crawl Stone Soup version 0.31.0-1-g2c135a0 (webtiles) character file.

Game seed: 12575559603125621243

19579 jaylol9498 the Bludgeoner (level 12, -1/115 HPs)
             Began as an Oni Warper on Feb 18, 2024.
             Was an Initiate of Gozag.
             Slain by a sixfirhy (9 damage)
             ... on level 2 of the Abyss.
             The game lasted 00:36:15 (19494 turns).

jaylol9498 the Bludgeoner (Oni Warper)             Turns: 19494, Time: 00:36:15

Health: -1/115     AC:  5    Str: 29    XL:     12   Next: 70%
Magic:  3/26       EV:  9    Int: 14    God:    Gozag
Gold:   576        SH:  0    Dex:  8    Spells: 21/31 levels left

rFire   . . .        k - +0 giant club
rCold   . . .        (shield currently unavailable)
rNeg    . . .        b - +0 robe
rPois   .            (helmet restricted)
rElec   .            g - +1 cloak
rCorr   .            (gloves unavailable)
SInv    .            (boots unavailable)
Will    .....        u - amulet of the acrobat
Stlth   ++           m - ring of Esesuned {rC+ Will- Str+7 Stlth+}
HPRegen 0.39/turn    y - ring of wizardry
MPRegen 0.20/turn

%: acrobat, wizardry (x1)
@: gold aura, on blink cooldown, hasted, very quick
A: large, unfitting armour, horns 1, tough skin 1, double potion healing,
drunken brawling, cold vulnerability 1
a: Renounce Religion, Potion Petition, Call Merchant, Bribe Branch


You were on level 2 of the Abyss.
You worshipped Gozag.
Gozag was pleased with you.
You visited 3 branches of the dungeon, and saw 15 of its levels.
You visited the Abyss 1 time.
You also visited: Ossuary.

You collected 2325 gold pieces.
You spent 26 gold pieces at shops.
You paid 1723 gold pieces to Gozag.

Inventory:

Hand Weapons
 k - a +0 giant club (weapon)
 J - a +2 flail of draining
Missiles
 d - 4 darts of dispersal
 t - 17 poisoned darts (quivered)
 G - 2 throwing nets
 Q - 2 curare-tipped darts
Armour
 b - a +0 robe (worn)
 g - a +1 cloak (worn)
Jewellery
 m - the ring of Esesuned (left hand) {rC+ Will- Str+7 Stlth+}
   (You found it on level 2 of the Dungeon)

   [ring of protection from cold]

   Str+7:     It affects your strength (+7).
   rC+:       It protects you from cold.
   Will-:     It decreases your willpower.
   Stlth+:    It makes you more stealthy.
 p - a ring of protection from cold
 u - an amulet of the acrobat (around neck)
 y - a ring of wizardry (right hand)
 E - the amulet "Niwk" {RegenMP Dex+2}
   (You took it off an orc priest on level 12 of the Dungeon)

   [amulet of magic regeneration]

   RegenMP:   It increases your rate of magic regeneration.
   Dex+2:     It affects your dexterity (+2).
 H - a +6 ring of strength
 K - a +6 ring of intelligence
Wands
 w - a wand of digging (1)
 F - a wand of charming (9)
Scrolls
 a - 3 scrolls of fog {unknown}
 c - 4 scrolls of blinking
 e - 2 scrolls of enchant armour {unknown}
 l - 3 scrolls of revelation
 o - 5 scrolls of teleportation
 q - 2 scrolls of vulnerability {unknown}
 r - a scroll of enchant weapon {unknown}
 s - 3 scrolls of poison {unknown}
 v - 2 scrolls of fear
 x - 5 scrolls of identify
 z - a scroll of acquirement {unknown}
 B - 3 scrolls of immolation {unknown}
 D - 4 scrolls of noise {unknown}
 L - a scroll of amnesia {unknown}
Potions
 f - 2 potions of ambrosia
 h - 2 potions of curing
 i - 5 potions of lignification
 j - 3 potions of haste
 n - 2 potions of heal wounds
 A - 2 potions of berserk rage
 C - 2 potions of magic
 I - 3 potions of mutation
 N - a potion of cancellation {unknown}
 O - a potion of degeneration {unknown}
 P - 2 potions of enlightenment {unknown}
Miscellaneous
 M - a box of beasts


   Skills:
 - Level 6.3 Fighting
 * Level 17.0 Maces & Flails
 - Level 1.0 Throwing
 - Level 2.1 Dodging
 - Level 10.0 Spellcasting
 - Level 6.2 Translocations


You had 21 spell levels left.
You knew the following spells:

 Your Spells              Type           Power      Damage    Failure   Level
a - Blink                 Tloc           48%        N/A       1%          2
x - Vhi's Electric Charg  Tloc/Air       30%        N/A       12%         4
z - Manifold Assault      Tloc           24%        N/A       3%          4

Your spell library contained the following spells:

 Spells                   Type           Power      Damage    Failure   Level
 Lesser Beckoning         Tloc           48%        N/A       1%          2
 Teleport Other           Tloc           24%        N/A       1%          3
 Slow                     Hex            28%        N/A       4%          1
 Cigotuvi's Dreadful Rot  Necr/Alch/Air  14%        N/A       6%          2
 Confusing Touch          Hex            7%         N/A       12%         3
 Sigil of Binding         Hex            7%         N/A       12%         3
 Vampiric Draining        Necr           7%         2d6       12%         3
 Animate Armour           Summ/Erth      14%        N/A       38%         4
 Dispel Undead            Necr           7%         3d8       38%         4
 Martyr's Knell           Necr/Summ      7%         N/A       38%         4
 Summon Lightning Spire   Summ/Air       7%         N/A       38%         4
 Lee's Rapid Deconstruct  Erth           3%         3d5*      71%         5
 Death Channel            Necr           3%         N/A       99%         6


Dungeon Overview and Level Annotations

Branches:
Dungeon (13/15)            Temple (1/1) D:6            Lair (0/5) D:10
    Orc (1/2) D:12        Ossuary (visited)
 Vaults: D:13-14

Altars:
Ashenzari
Cheibriados
Dithmenos
Elyvilon
Fedhas
Gozag
Hepliaklqana
Kikubaaqudgha
Makhleb
Nemelex Xobeh
Okawaru
Qazlal
Ru
Sif Muna
Trog
Uskayaw
Vehumet
Wu Jian
Xom
Yredelemnul
Zin
The Shining One

Shops:
D:1 ?   D:10 (

Annotations:
D:8 1 runed translucent door, IAmTheZeppo's ghost, novice DrAl
D:13 Erolcha


Innate Abilities, Weirdness & Mutations

You are too large for most types of armour.
You have a pair of small horns on your head.
You have tough skin. (AC +1)
You gain doubled healing and magic from potions.
Whenever you drink a healing potion, you attack all around you.
You are vulnerable to cold. (rC-)


Message History

Unknown command.
Casting: Manifold Assault (mildly dangerous; 3% risk of failure)
Confirm with . or Enter, or press ? or * to list all spells.
Space momentarily warps into an impossible shape!
You bludgeon the orb spider!! You crush the neqoxec like a grape!!!
You kill the neqoxec!
Unknown command.
Casting: Manifold Assault (mildly dangerous; 3% risk of failure)
Confirm with . or Enter, or press ? or * to list all spells.
Space momentarily warps into an impossible shape!
You bludgeon the orb spider!!
You kill the orb spider!
You miss the sixfirhy.
Your Maces & Flails skill increases to level 17!
Casting: Manifold Assault (mildly dangerous; 3% risk of failure)
Confirm with . or Enter, or press ? or * to list all spells.
You don't have enough magic to cast this spell.
Unknown command.
You barely miss the sixfirhy.
The sixfirhy is moderately wounded.
You closely miss the sixfirhy.
The sixfirhy is moderately wounded.
A large abomination comes into view.
You barely miss the sixfirhy. Your headbutt misses the sixfirhy.
The sixfirhy is moderately wounded.
You miss the sixfirhy. Your headbutt misses the sixfirhy.
The sixfirhy is moderately wounded.
The sixfirhy hits you! The sixfirhy shocks you! The sixfirhy hits you.
The sixfirhy shocks you!
You completely miss the sixfirhy.
The sixfirhy is moderately wounded.
The sixfirhy hits you!
* * * LOW HITPOINT WARNING * * *
The sixfirhy shocks you!
* * * LOW HITPOINT WARNING * * *
The sixfirhy hits you!
* * * LOW HITPOINT WARNING * * *
The sixfirhy shocks you!
You die...
Your body crumbles into a pile of gold.

... ...#####
#....#. ###....
## #.#.#.##.#
.###
##...#....##
##.#.
#.#.#.#$...# .#
#...3#..##.# ##
###@#.#..#.#...
.. #..## ##.# .
. . ##.###... .
.# ..$#.# #...
. # ....#.#.
.#.# .# ##..#
..##..# . X#..
.#.# # ## . #.
....# # #.#
.####


You could see a large abomination and a sixfirhy.

Vanquished Creatures
  A centaur warrior (D:13)
  A two-headed ogre (D:13)
  A tengu warrior (D:10)
  Sonja (D:13)
  An orb spider (Abyss:2)
  A large abomination (Abyss:2)
  2 deep elf pyromancers (D:12)
  A manticore (D:13)
  2 ugly things
  A worldbinder (Abyss:2)
  A cyclops (D:12)
  2 gargoyles (D:11)
  A cane toad (shapeshifter) (D:12)
  An unseen horror (D:11)
  Jeremiah (D:7)
  An efreet (D:13)
  2 kobold demonologists (D:11)
  A komodo dragon (D:10)
  4 trolls
  Grinder (D:4)
  2 shadows (D:12)
  2 wraiths
  A vampire (D:11)
  20 yaks
  2 wyverns
  Eustachio (D:4)
  A basilisk (D:10)
  A neqoxec (Abyss:2)
  A steam dragon (D:8)
  11 vampire mosquitoes
  A water moccasin (D:8)
  5 orc warriors
  A sky beast (D:6)
  2 laughing skulls (D:12)
  4 black bears
  An ogre (D:6)
  3 centaurs
  2 kobold brigands
  A weeping skull (Ossuary)
  3 bullfrogs
  A gnoll sergeant (D:8)
  4 scorpions
  2 water moccasin zombies (Ossuary)
  5 wights (D:8)
  A burial acolyte (D:5)
  A howler monkey (D:10)
  A human zombie (Ossuary)
  2 centaur zombies (Ossuary)
  2 bullfrog zombies (Ossuary)
  A gnoll bouda (D:7)
  4 jellies
  2 hounds
  9 orc priests
  An iguana (D:6)
  12 orc wizards
  A sleepcap (D:6)
  Natasha (twice) (D:2)
  An ogre zombie (Ossuary)
  A mummy (D:6)
  Robin (D:3)
  27 gnolls
  3 adders
  4 white imps
  3 ufetubi
  5 adder zombies
  7 dart slugs
  3 ribbon worms
  41 orcs
  6 endoplasms
  2 giant cockroaches
  4 gnoll zombies (Ossuary)
  20 goblins
  19 hobgoblins
  7 jackals
  17 kobolds
  4 quokkas
  5 ball pythons
  3 bats
  6 frilled lizards
  3 goblin zombies (Ossuary)
  4 hobgoblin zombies (Ossuary)
  A jackal zombie (D:5)
  3 orc zombies (Ossuary)
  6 rats
349 creatures vanquished.

Notes
Turn   | Place    | Note
-------+----------+-------------------------------------------
     0 | D:1      | jaylol9498 the Oni Warper began the quest for the Orb.
     0 | D:1      | Reached XP level 1. HP: 22/22 MP: 3/3
   293 | D:1      | Reached XP level 2. HP: 29/32 MP: 5/5
   492 | D:1      | Reached XP level 3. HP: 40/40 MP: 6/6
   533 | D:1      | Found Eposafil's Magic Scroll Emporium.
   549 | D:1      | Bought a scroll of identify for 26 gold pieces
   918 | D:2      | Reached skill level 5 in Fighting
  1161 | D:2      | Noticed Natasha
  1170 | D:2      | Killed Natasha
  1171 | D:2      | Reached XP level 4. HP: 35/52 MP: 7/7
  1253 | D:2      | Found a faded altar of an unknown god.
  1257 | D:2      | Noticed Natasha
  1277 | D:2      | Killed Natasha
  1448 | D:2      | Identified the ring of Esesuned {rC+ Will- Str+7 Stlth+}
  1714 | D:2      | Learned a level 2 spell: Blink
  1934 | D:3      | Reached XP level 5. HP: 61/61 MP: 8/8
  2051 | D:3      | Found a shimmering blue altar of Sif Muna.
  2127 | D:3      | Found a glowing golden altar of the Shining One.
  2164 | D:3      | Noticed Robin
  2240 | D:4      | Reached skill level 3 in Maces & Flails
  2553 | D:3      | Killed Robin
  2607 | D:3      | Reached skill level 4 in Maces & Flails
  2694 | D:3      | Reached XP level 6. HP: 55/56 MP: 9/9
  2775 | D:3      | You fall into a shaft and drop 2 floors!
  2775 | D:5      | Entered Level 5 of the Dungeon
  2969 | D:4      | Found a burning altar of Makhleb.
  3134 | D:4      | Noticed Grinder
  3141 | D:4      | Paralysed by Grinder for 4 turns
  3154 | D:4      | Paralysed by Grinder for 2 turns
  3162 | D:4      | Killed Grinder
  3163 | D:4      | Reached skill level 6 in Maces & Flails
  3163 | D:4      | Reached XP level 7. HP: 32/76 MP: 10/10
  3645 | D:4      | Learned a level 4 spell: Manifold Assault
  3702 | D:4      | Found a hide-covered altar of Uskayaw.
  3748 | D:4      | Noticed Eustachio
  3796 | D:4      | Killed Eustachio
  3797 | D:4      | Reached skill level 7 in Maces & Flails
  4799 | D:5      | Found an ancient bone altar of Kikubaaqudgha.
  4929 | D:6      | Reached XP level 8. HP: 45/84 MP: 11/11
  4941 | D:6      | Found a sand-covered staircase.
  4949 | Ossuary  | Entered an ossuary
  5245 | Ossuary  | Reached skill level 8 in Maces & Flails
  5504 | Ossuary  | Reached skill level 9 in Maces & Flails
  5603 | Ossuary  | Noticed a silent spectre
  5994 | D:6      | Reached skill level 10 in Maces & Flails
  6177 | D:6      | Found a staircase to the Ecumenical Temple.
  6184 | Temple   | Entered the Ecumenical Temple
  6200 | Temple   | Became a worshipper of Gozag Ym Sagoz the Greedy
  6237 | D:6      | Reached XP level 9. HP: 53/91 MP: 12/12
  6599 | D:6      | Found a sacrificial altar of Ru.
  6621 | D:6      | Reached skill level 11 in Maces & Flails
  7337 | D:7      | Reached skill level 12 in Maces & Flails
  7836 | D:7      | Noticed Jeremiah
  7848 | D:7      | Killed Jeremiah
  7849 | D:7      | Reached XP level 10. HP: 54/100 MP: 14/16
  8282 | D:8      | Noticed IAmTheZeppo's ghost (novice DrAl)
  8288 | D:8      | Reached skill level 5 in Spellcasting
  8696 | D:8      | Reached skill level 5 in Translocations
  8904 | D:8      | Found a runed translucent door.
 10376 | D:8      | Learned a level 4 spell: Vhi's Electric Charge
 11437 | D:9      | Noticed a deep elf pyromancer
 11698 | D:10     | Entered Level 10 of the Dungeon
 11733 | D:10     | Found a blossoming altar of Fedhas.
 11743 | D:10     | Found a stormy altar of Qazlal.
 11743 | D:10     | Found a shadowy altar of Dithmenos.
 12229 | D:10     | Found a snail-covered altar of Cheibriados.
 12294 | D:10     | Reached skill level 13 in Maces & Flails
 12300 | D:10     | Reached XP level 11. HP: 42/106 MP: 2/23
 12560 | D:10     | Noticed a tengu warrior
 12597 | D:10     | Killed a tengu warrior
 12841 | D:10     | Found a staircase to the Lair.
 12993 | D:10     | Reached skill level 14 in Maces & Flails
 15459 | D:12     | Found a staircase to the Orcish Mines.
 15464 | D:12     | Identified the amulet "Niwk" {RegenMP Dex+2}
 15467 | D:12     | Reached skill level 15 in Maces & Flails
 15672 | Orc:1    | Entered Level 1 of the Orcish Mines
 16025 | Orc:1    | Noticed an orc warlord
 16193 | D:12     | Identified the +1 dagger of the Lair of Beasts {protect,
                  | Fly}
 16440 | D:12     | Noticed a deep elf pyromancer
 16581 | D:12     | Killed a deep elf pyromancer
 16683 | D:12     | Noticed a purple ugly thing
 16692 | D:12     | Killed a purple ugly thing
 16844 | D:12     | Noticed a deep elf pyromancer
 16858 | D:12     | Killed a deep elf pyromancer
 16859 | D:12     | Reached XP level 12. HP: 14/115 MP: 6/25
 17139 | D:12     | Reached skill level 10 in Spellcasting
 18181 | D:13     | Noticed Sonja
 18196 | D:13     | Killed Sonja
 18212 | D:13     | Noticed a centaur warrior
 18772 | D:13     | Killed a centaur warrior
 18773 | D:13     | Reached skill level 16 in Maces & Flails
 19067 | D:13     | Noticed a two-headed ogre
 19077 | D:13     | Killed a two-headed ogre
 19263 | D:13     | Noticed Erolcha
 19266 | Abyss:2  | Cast into level 2 of the Abyss (Erolcha)
 19272 | Abyss:2  | Found a corrupted altar of Lugonu.
 19477 | Abyss:2  | Gained mutation: You are vulnerable to cold. (rC-) [a
                  | neqoxec]
 19490 | Abyss:2  | Reached skill level 17 in Maces & Flails
 19494 | Abyss:2  | Slain by a sixfirhy

Illustrated notes

Levels and vault maps discovered:
D:1:      minmay_arrival_nine_rooms, layout_loops_ring, serial_shops, shop
D:2:      kb_forest_paths, layout_basic, shapermc_ecumenical_altar_venn,
          minivault_25, chequers_serial_rivers_micro_b, uniq_natasha
D:3:      layout_basic, mainiacjoe_overflow_paths, lemuel_tele_altar,
          ebering_ghost_rock_garden, uniq_robin
D:4:      layout_cave_pods, mainiacjoe_overflow_concentric_impassable,
          bloody_makhleb, uniq_grinder, uniq_eustachio
D:5:      layout_basic, lemuel_zombie_altar_kikubaaqudgha
D:6:      layout_loops_ring, old_standard_altar, minmay_temple_entry_overgrown,
          gup_ossuary_entry_pyramid
D:7:      layout_basic, uniq_jeremiah
D:8:      corexii_shantytown, layout_loops_cross,
          hellmonk_ghost_happy_afterlife, serial_park_tiny_2
D:9:      layout_rooms, serial_aquarium, aquarium_bridge_square
          [aquarium_subvault_wall, aquarium_subvault_wall,
          aquarium_subvault_bridge, aquarium_subvault_wall],
          aquarium_window_corner, aquarium_window_fake, aquarium_view_2a,
          onia_ninara_dug_in_and_dangerous
D:10:     layout_irregular_city, jmf_multi_god_temple, kennysheep_slug_shrine,
          fedhas_ov_isle_minmay, david_lair_shrubbed, serial_co_window_serial,
          co_window_corner_a, co_window_paths_b, co_window_paths_b,
          co_window_corner_a, co_window_paths_a, co_window_unsneaky_path_e,
          co_window_broadway_b, co_window_unsneaky_path_e, co_window_corner_b,
          glass_columns_a, glass_columns_a, glass_columns_a, grunt_tough_drop
D:11:     layout_loops_ring
D:12:     layout_roguey, david_orc_1_choice, nicolae_letterblocks
          [nicolae_letter_subblock, nicolae_letter_subblock,
          nicolae_letter_subblock, nicolae_letter_subblock,
          nicolae_letter_subblock, nicolae_letter_subblock,
          nicolae_letter_subblock, nicolae_letter_subblock,
          nicolae_letter_subblock, nicolae_letter_subblock,
          nicolae_letter_subblock, nicolae_letter_subblock,
          nicolae_letter_subblock, nicolae_letter_subblock,
          nicolae_letter_subblock, nicolae_letter_subblock,
          nicolae_letter_subblock, nicolae_letter_subblock,
          nicolae_letter_subblock, nicolae_letter_subblock,
          nicolae_letter_subblock, nicolae_letter_subblock,
          nicolae_letter_subblock, nicolae_letter_subblock,
          nicolae_letter_subblock]
D:13:     layout_cave_pools, erik_vaults_2, water_boxes_lemuel, uniq_erolcha,
          uniq_sonja
Temple:   hellmonk_temple_forest_ring
Orc:1:    layout_diamond_mine, serial_shops, nicolae_shop_advertising_works
          [nicolae_subvault_shop_adworks]
Abyss:2:  base: D:3, base:
D:3

Skill      XL: |  1  2  3  4  5  6  7  8  9 10 11 12 |
---------------+-------------------------------------+-----
Fighting       | 3 4 5 6 |  6.3
Maces & Flails | 4 6 7 10 12 13 15 17 | 17.0
Translocations | 4 5 6 |  6.2
Spellcasting   | 4 8 9 10 | 10.0
Throwing       | |  1.0
Dodging        | |  2.1

Action                     |  1- 3 |  4- 6 |  7- 9 | 10-12 || total
---------------------------+-------+-------+-------+-------++-------
  Melee: Mace              |    98 |   139 |       |       ||   237
         Headbutt          |    10 |    25 |    63 |    36 ||   134
         Punch             |     2 |     1 |     6 |       ||     9
         Flail             |       |    10 |   222 |    19 ||   251
         Whip              |       |       |   121 |    14 ||   135
         Giant club        |       |       |       |   630 ||   630
  Throw: Dart              |       |     3 |    10 |     1 ||    14
         Throwing net      |       |       |       |     2 ||     2
   Cast: Blink             |       |     2 |     2 |     7 ||    11
         Manifold Assault  |       |       |       |   227 ||   227
         Vhi's Electric Ch |       |       |       |    12 ||    12
 Invoke: Potion Petition   |       |       |       |     2 ||     2
         Call Merchant     |       |       |       |     1 ||     1
  Evoke: Wand              |       |       |     4 |    10 ||    14
         Box of beasts     |       |       |       |     1 ||     1
    Use: Scroll            |     1 |     1 |       |     9 ||    11
         Potion            |       |     3 |       |    10 ||    13
   Stab: Sleeping          |       |       |     3 |     4 ||     7
         Distracted        |       |       |       |     1 ||     1
 Armour: Robe              |    68 |   163 |   269 |   303 ||   803
  Dodge: Dodged            |    49 |    97 |   211 |   165 ||   522
